 Dungeon Sprint DCSS version 0.20-a0-1089-g3fde505 (webtiles) character file.

17016 potatolord5000 the Warrior (level 12, -11/184 (190) HPs)
             Began as a Minotaur Fighter on May 3, 2017.
             Was the Champion of Wu Jian.
             Engulfed by an ushabti's foul pestilence (12 damage)
             ... in the Dungeon (Sprint V: "Ziggurat Sprint").
             The game lasted 00:11:20 (603 turns).

potatolord5000 the Warrior (Minotaur Fighter)        Turns: 603, Time: 00:11:21

HP:   -11/184 (190) AC: 35    Str: 50    XL:     12   Next: 15%
MP:   11/11         EV:  6    Int:  2    God:    Wu Jian [******]
Gold: 0             SH: 37    Dex: 22    Spells: 11/11 levels left

rFire    + + .     SeeInvis +   n - +9 lance "Wyrmbane" {slay drac, rPois rF+ rC+ AC+3}
rCold    + + .     Gourm    .   m - +18 shield of the Gong {rElec rN+ MR+ EV-5}
rNeg     + . .     Faith    .   y - +7 gold dragon scales of the Hot Ocelot {rPois rF+ rC+ Str+8 Int-3 Dex+3 SInv}
rPois    +         Spirit   .   (helmet restricted)
rElec    +         Reflect  .   (no cloak)
rCorr    .         Harm     +   l - +2 pair of gloves {Dex+3}
MR       +....     NoTele   +   (no boots)
Stlth    ..........             B - amulet "Huoleutt" {Harm *Drain Dex+5}
Regen    0.0/turn               q - +6 ring of strength
MPRegen  0.2/turn               r - +6 ring of strength

@: berserking, lethally poisoned (-11 -> -106), non-regenerating, badly
diseased, slowed
A: retaliatory headbutt, horns 2
a: Serpent's Lash, Heavenly Storm, Renounce Religion


You were in the Dungeon.
You worshipped Wu Jian.
Wu Jian was exalted by your worship.
You were completely stuffed.

You visited 1 branch

Inventory:

Hand Weapons
 a - a +0 trident
 n - the +9 lance "Wyrmbane" (weapon) {slay drac, rPois rF+ rC+ AC+3}
   (You found it in the Dungeon)

   It affects your AC (+3).
   It protects you from fire.
   It protects you from cold.
   It protects you from poison.
Armour
 l - a +2 pair of gloves of dexterity (worn)
 m - the +18 shield of the Gong (worn) {rElec rN+ MR+ EV-5}
   (You found it in the Dungeon)

   It affects your evasion (-5).
   It insulates you from electricity.
   It protects you from negative energy.
   It affects your resistance to hostile enchantments.
 y - the +7 gold dragon scales of the Hot Ocelot (worn) {rPois rF+ rC+ Str+8 Int-3 Dex+3 SInv}
   (You found it in the Dungeon)

   It affects your strength (+8).
   It affects your intelligence (-3).
   It affects your dexterity (+3).
   It protects you from fire.
   It protects you from cold.
   It protects you from poison.
   It lets you see invisible.
Jewellery
 q - a +6 ring of strength (left hand)
 r - a +6 ring of strength (right hand)
 B - the amulet "Huoleutt" (around neck) {Harm *Drain Dex+5}
   (You found it in the Dungeon)

   [amulet of harm]

   It increases damage dealt and taken.
   It affects your dexterity (+5).
   It causes draining when unequipped.
 E - the ring of Springtime {+Blink rC- EV+3 Int-3 Dex+8}
   (You found it in the Dungeon)

   [ring of evasion]

   It affects your evasion (+3).
   It affects your intelligence (-3).
   It affects your dexterity (+8).
   It makes you vulnerable to cold.
   It lets you blink.
Scrolls
 k - 4 scrolls of blinking
 o - 4 scrolls of amnesia
 p - 3 scrolls of recharging
 s - 7 scrolls of fog
 t - a scroll of holy word
 u - 5 scrolls of identify
 v - 5 scrolls of remove curse
 w - 2 scrolls of fear
 D - a scroll of brand weapon
Potions
 d - 5 potions of might
 e - 10 potions of curing
 g - 8 potions of heal wounds
 h - 10 potions of haste
 i - 7 potions of magic
 j - 2 potions of berserk rage
 x - 2 potions of brilliance
 z - 2 potions of invisibility
 A - 4 potions of resistance
 C - 4 potions of agility
Comestibles
 b - 42 fruits
 c - 4 meat rations
 f - 3 bread rations


   Skills:
 + Level 17.9 Fighting
 + Level 17.8 Polearms
 + Level 17.9 Armour
 - Level 3.3 Dodging
 + Level 17.9 Shields


You had 11 spell levels left.
You didn't know any spells.

Dungeon Overview and Level Annotations

Branches:
Dungeon (1/1)

Altars:
Ashenzari
Cheibriados
Dithmenos
Elyvilon
Fedhas
Gozag
Hepliaklqana
Kikubaaqudgha
Makhleb
Nemelex Xobeh
Okawaru
Qazlal
Ru
Sif Muna
Trog
Uskayaw
Vehumet
Wu Jian
Xom
Yredelemnul
Zin
The Shining One
Beogh
Jiyva
Lugonu

Annotations:
D 1 transporter


Innate Abilities, Weirdness & Mutations

You reflexively headbutt those who attack you in melee.
You have a pair of horns on your head.


Message History

The shadow wraith disappears in a puff of smoke! x2
The soul eater disappears in a puff of smoke!
You are engulfed in dark miasma.
You feel as though you will be slow longer.
* * * LOW HITPOINT WARNING * * *
x2 You feel very sick.
The ushabti shakes and rattles.
The vile air hits you!
You are too berserk!
You are too berserk!
You are too berserk!
You are too berserk!
You are too berserk!
You are too berserk!
You're too full to eat anything.
You are too berserk!
You are too berserk!
You are engulfed in dark miasma.
You feel as though you will be slow longer.
You die...

▓▓▓▓▓▓▓▓▓▓▓▓▓▓▓▓▓▓▓
▓...8©8...▓
▓..|)|}}..▓
▓...?.[)..▓
▓.........▓
▓.........▓
▓...8.....▓
▓...§§M...▓
▓.▓..@.3▓.▓
▓.....§...▓
▓▓▓▓▓▓▓▓▓▓▓


You could see a soul eater, an ushabti and a mummy.

Vanquished Creatures
  A deep elf blademaster (D)
  An Orb Guardian (D)
  A frost giant (D)
  A spriggan defender (D)
  A white draconian (D)
  A mummy priest (D)
  A vault guard (D)
  An orc high priest (D)
  An ironbrand convoker (D)
  A necromancer (D)
  4 draconians (D)
  An orc knight (D)
  A naga mage (D)
  4 toenail golems (D)
  2 yaktaurs (D)
  A freezing wraith (D)
  A guardian mummy (D)
  A hornet (D)
  A flying skull (D)
  An ushabti (D)
  2 nagas (D)
  2 hell hounds (D)
  5 orc warriors (D)
  3 necrophages (D)
  2 phantoms (D)
  2 wights (D)
  A quasit (D)
  2 orc priests (D)
  An orc wizard (D)
  A mummy (D)
  3 adders (D)
  2 white imps (D)
  An adder skeleton (D)
  An orc (D)
  A bat skeleton (D)
  2 bat zombies (D)
  A jackal skeleton (D)
  A leopard gecko skeleton (D)
  A leopard gecko zombie (D)
  A quokka zombie (D)
62 creatures vanquished.

Vanquished Creatures (others)
  A mummy priest (D)
  Josephine (D)
  Harold (D)
  Jessica (D)
  A giant cockroach simulacrum (D)
5 creatures vanquished.

Grand Total: 67 creatures vanquished

Notes
Turn   | Place    | Note
-------+----------+-------------------------------------------
     0 | D        | potatolord5000 the Minotaur Fighter began the quest for the Orb.
     0 | D        | Reached XP level 1. HP: 19/19 MP: 0/0
     0 | D        | Found a blossoming altar of Fedhas.
     1 | D        | Found a viscous altar of Jiyva.
     1 | D        | Found an ancient bone altar of Kikubaaqudgha.
     1 | D        | Found a hazy altar of Hepliaklqana.
     1 | D        | Found a corrupted altar of Lugonu.
     1 | D        | Found an opulent altar of Gozag.
     1 | D        | Found a burning altar of Makhleb.
     7 | D        | Found an iron altar of Okawaru.
     7 | D        | Found a sparkling altar of Nemelex Xobeh.
     7 | D        | Found a stormy altar of Qazlal.
     7 | D        | Found a sacrificial altar of Ru.
     7 | D        | Found a deep blue altar of Sif Muna.
    40 | D        | Found a bloodstained altar of Trog.
    76 | D        | Reached skill level 5 in Fighting
    76 | D        | Reached skill level 5 in Armour
    76 | D        | Reached skill level 5 in Shields
    76 | D        | Reached XP level 2. HP: 29/29 MP: 1/1
   116 | D        | Became a worshipper of the Wu Jian Council
   131 | D        | Entered arena 2.
   131 | D        | Noticed a phantom
   135 | D        | Killed a phantom
   135 | D        | Reached XP level 3. HP: 38/38 MP: 2/2
   135 | D        | Reached XP level 4. HP: 45/45 MP: 3/3
   141 | D        | Got the +7 gold dragon scales of the Hot Ocelot {rPois rF+ rC+ Str+8 Int-3 Dex+3 SInv}
   156 | D        | Entered arena 3.
   158 | D        | Reached * piety under Wu Jian
   169 | D        | Killed Jessica
   174 | D        | Entered arena 4.
   174 | D        | Noticed a toenail golem
   174 | D        | Noticed a toenail golem
   174 | D        | Noticed a toenail golem
   174 | D        | Noticed a toenail golem
   179 | D        | Killed a toenail golem
   179 | D        | Reached ** piety under Wu Jian
   179 | D        | Reached XP level 5. HP: 57/57 MP: 4/4
   179 | D        | Reached XP level 6. HP: 63/63 MP: 5/5
   181 | D        | Killed a toenail golem
   181 | D        | Reached skill level 10 in Fighting
   181 | D        | Reached skill level 10 in Polearms
   181 | D        | Reached skill level 10 in Armour
   181 | D        | Reached skill level 10 in Shields
   181 | D        | Reached XP level 7. HP: 73/73 MP: 6/6
   183 | D        | Killed a toenail golem
   183 | D        | Reached XP level 8. HP: 82/82 MP: 7/7
   187 | D        | Killed a toenail golem
   198 | D        | Entered arena 5.
   198 | D        | Noticed a draconian
   198 | D        | Noticed a draconian
   198 | D        | Noticed a draconian
   198 | D        | Noticed a draconian
   204 | D        | Killed a draconian
   204 | D        | Reached *** piety under Wu Jian
   208 | D        | Killed a draconian
   208 | D        | Reached XP level 9. HP: 91/91 MP: 8/8
   212 | D        | Killed a draconian
   213 | D        | Killed a draconian
   213 | D        | Reached **** piety under Wu Jian
   223 | D        | Entered arena 6.
   232 | D        | Reached ***** piety under Wu Jian
   242 | D        | Entered arena 7.
   242 | D        | Noticed a naga mage
   255 | D        | Killed a naga mage
   258 | D        | Killed Harold
   267 | D        | Entered arena 8.
   271 | D        | Reached XP level 10. HP: 102/102 MP: 9/9
   274 | D        | Reached ****** piety under Wu Jian
   288 | D        | Got the amulet "Huoleutt" {Harm *Drain Dex+5}
   325 | D        | Killed Josephine
   357 | D        | Entered arena 9.
   357 | D        | Noticed a necromancer
   357 | D        | Noticed an ironbrand convoker
   357 | D        | Noticed a vault guard
   357 | D        | Noticed an orc knight
   366 | D        | Killed a necromancer
   366 | D        | Killed an orc knight
   367 | D        | Noticed a frost giant
   367 | D        | Noticed a spriggan defender
   367 | D        | Noticed a white draconian
   369 | D        | Killed a vault guard
   369 | D        | Reached skill level 15 in Fighting
   369 | D        | Reached skill level 15 in Armour
   369 | D        | Reached skill level 15 in Shields
   377 | D        | Killed a spriggan defender
   377 | D        | Reached skill level 15 in Polearms
   386 | D        | Noticed an orc high priest
   386 | D        | Noticed a deep elf blademaster
   386 | D        | Noticed an Orb Guardian
   388 | D        | Noticed a rust devil
   388 | D        | Killed a white draconian
   388 | D        | Reached XP level 11. HP: 83/114 MP: 10/10
   389 | D        | Killed a frost giant
   397 | D        | Killed an ironbrand convoker
   399 | D        | Killed an Orb Guardian
   401 | D        | Killed a deep elf blademaster
   404 | D        | Killed an orc high priest
   556 | D        | Entered arena 10.
   570 | D        | Got the ring of Springtime {+Blink rC- EV+3 Int-3 Dex+8}
   586 | D        | Entered arena 11.
   586 | D        | Noticed a mummy priest
   586 | D        | Noticed a mummy priest
   590 | D        | Noticed a shadow wraith
   590 | D        | Noticed a shadow wraith
   593 | D        | Reached XP level 12. HP: 63/125 MP: 11/11
   598 | D        | Killed a mummy priest
   601 | D        | HP: 7/184 [poisoned by an ushabti (dark miasma)]
   602 | D        | Killed a mummy priest
   602 | D        | HP: 1/184 [poisoned by an ushabti (dark miasma)]
   603 | D        | Engulfed by an ushabti's foul pestilence

Vault maps used:
D:        sprint_v

Skill      XL: |  1  2  3  4  5  6  7  8  9 10 11 |
---------------+----------------------------------+-----
Fighting       | 5 6 9 10 11 12 13 15 17 | 17.9
Polearms       | 4 6 8 10 12 13 15 17 | 17.8
Armour         | 5 6 9 10 11 12 13 15 17 | 17.9
Dodging        | 3 |  3.3
Shields        | 5 6 9 10 11 12 13 15 17 | 17.9

Action                   |  1- 3 |  4- 6 |  7- 9 | 10-12 || total
-------------------------+-------+-------+-------+-------++-------
Melee: Lance             |     4 |    12 |    41 |   131 ||   188
       Headbutt          |     1 |     3 |    13 |    29 ||    46
Invok: Serpent's Lash    |       |       |       |     1 ||     1
       Heavenly Storm    |       |       |       |     1 ||     1
  Use: Potion            |     1 |     2 |       |     3 ||     6
  Eat: Bread ration      |       |       |       |     2 ||     2
Armor: Gold dragon scale |       |       |     4 |    24 ||    28
Dodge: Dodged            |       |       |     1 |     4 ||     5
Block: Shield            |     4 |    10 |    23 |    92 ||   129
